 Seeded DCSS version 0.30.1-9-gdf580d7c3d (webtiles) character file.

Game seed: 7547814903460644772 (custom seed)

2041 Psyclone the Polluter (level 9, 59/59 (61) HPs)
             Began as an Octopode Venom Mage on Sept 27, 2023.
             Quit the game on level 1 of the Dungeon.
             The game lasted 00:16:56 (6059 turns).

Psyclone the Polluter (Octopode Venom Mage)         Turns: 6059, Time: 00:16:56

HP:   59/59 (61)    AC:  1    Str:  8    XL:     9   Next: 24%
MP:   20/20         EV: 13    Int: 27    God:
Gold: 339           SH:  0    Dex: 12    Spells: 16/23 levels left

rFire   . . .        u - +4 dagger (venom)
rCold   . . .        (no shield)
rNeg    . . .        (helmet restricted)
rPois   .            (no amulet)
rElec   .            c - +6 ring of intelligence
rCorr   .            (no ring)
SInv    .            (no ring)
Will    .....        (no ring)
Stlth   +++          (no ring)
HPRegen 0.29/turn    (no ring)
MPRegen 0.17/turn    (no ring)
                     (no ring)

%: no passive effects
@: lightly drained
A: almost no armour, amphibious, 8 rings, camouflage 1, gelatinous body 1,
(nimble swimmer 1), tentacles
a: no special abilities


You were on level 1 of the Dungeon.
You visited 1 branch of the dungeon, and saw 5 of its levels.

You collected 339 gold pieces.

Inventory:

Hand Weapons
 g - a +4 dagger
 u - a +4 dagger of venom (weapon)
Jewellery
 c - a +6 ring of intelligence (left tentacle)
Scrolls
 b - a scroll of magic mapping {unknown}
 d - 2 scrolls of identify {unknown}
 i - 2 scrolls of enchant weapon {unknown}
 j - 2 scrolls of immolation {unknown}
 k - a scroll of poison {unknown}
 l - a scroll of vulnerability {unknown}
 m - a scroll of silence {unknown}
 q - a scroll of amnesia {unknown}
 v - 2 scrolls of enchant armour {unknown}
Potions
 a - a potion of magic
 e - 2 potions of haste {unknown}
 f - a potion of cancellation {unknown}
 h - 2 potions of might {unknown}
 n - a potion of degeneration {unknown}
 o - a potion of brilliance {unknown}
 p - a potion of flight {unknown}
 r - a potion of resistance {unknown}
 s - 2 potions of attraction {unknown}
 w - a potion of mutation {unknown}
 x - a potion of berserk rage {unknown}
 z - a potion of curing {unknown}


   Skills:
 - Level 5.0 Fighting
 - Level 5.0 Short Blades
 - Level 2.0 Dodging
 - Level 2.6 Stealth
 + Level 7.8 Spellcasting
 - Level 1.0 Transmutations
 - Level 15.0 Poison Magic


You had 16 spell levels left.
You knew the following spells:

 Your Spells              Type           Power      Damage    Failure   Level
a - Poisonous Vapours     Pois/Air       100%       N/A       1%          2
v - Sting                 Tmut/Pois      100%       1d8       1%          1
x - Olgreb's Toxic Radia  Pois           75%        N/A       1%          4

Your spell library contained the following spells:

 Spells                   Type           Power      Damage    Failure   Level
 Mephitic Cloud           Conj/Pois/Air  37%        N/A       1%          3
 Blink                    Tloc           20%        N/A       9%          2
 Lesser Beckoning         Tloc           20%        N/A       9%          2
 Gell's Gravitas          Tloc           10%        N/A       16%         3
 Inner Flame              Hex/Fire       10%        N/A       16%         3
 Teleport Other           Tloc           10%        N/A       16%         3
 Manifold Assault         Tloc           10%        N/A       47%         4
 Yara's Violent Unravell  Hex/Tmut       6%         3d5       77%         5
 Freezing Cloud           Conj/Ice/Air   5%         6-21      83%         5
 Enfeeble                 Hex            5%         N/A       100%        7
 Storm Form               Tmut/Air       6%         N/A       100%        7


Dungeon Overview and Level Annotations

Branches:
Dungeon (5/15) Zot: 23951
 Temple: D:4-7

Altars:
Ashenzari
Elyvilon
Gozag
Makhleb
Nemelex Xobeh
Okawaru
Ru
Wu Jian
Yredelemnul
Zin

Shops:
D:5 (

Annotations:
D:3 1 runed translucent door, Crazy Yiuf


Innate Abilities, Weirdness & Mutations

You cannot wear most types of armour.
You are amphibious.
You can wear up to eight rings at the same time.
Your skin changes colour to match your surroundings (Stealth+).
Your rubbery body absorbs attacks. (AC +1, EV +1)
((You are camouflaged when in or above water. (Stealth+)))
You have tentacles for arms and can constrict up to eight enemies at once.


Message History

There is a stone staircase leading up here.
You climb upwards.
There is a stone staircase leading down here.
A hobgoblin comes into view.
You see here a +0 giant club.
The hobgoblin shouts!
Casting: Poisonous Vapours (safe; 1% risk of failure)
Confirm with . or Enter, or press ? or * to list all spells.
Aiming: Poisonous Vapours (safe; 1% risk of failure)
Press: ? - help, Dir - move target, f - hobgoblin
Aim: a hobgoblin Poisonous vapours surround the hobgoblin!
The hobgoblin is poisoned.
You now have 18/20 mp.
You hit the hobgoblin.
The hobgoblin looks as sick as possible!
You grab the hobgoblin. You squeeze the hobgoblin.
The hobgoblin is almost dead.
You constrict the hobgoblin, but do no damage.
You kill the hobgoblin!
MP restored: 20
There is a stone staircase leading up here.
You climb upwards.
Level annotation: 1 runed translucent door, Crazy Yiuf
There is a stone staircase leading down here.
There is an escape hatch in the ceiling here.
There is a stone staircase leading up here.
You climb upwards.
There is a stone staircase leading down here.
There is a stone staircase leading up here.
There is an escape hatch in the ceiling here.
Things that are here:
2 stones; a +0 club
There is a stone staircase leading up here.
You climb upwards.
There is a stone staircase leading down here.
Okay, then.
Unknown command.
Okay, then.
Are you sure you want to abandon this character and quit the game? (Confirm with "yes".)

#.......# #..........
#.......# #..........
#.......# #........(.
#.......# #...#######
##.......# #...# #
#........# #...# #
#........#####...#### #
#.#####.#...........####
#......@................
#######.#...........####
#.#...############
#.###.............
#####.# ##############
#.....# #.######
#......# #......#


There were no monsters in sight!

Vanquished Creatures
  4 ogres
  2 centaurs (D:5)
  3 scorpions (D:5)
  2 orc priests (D:5)
  2 hounds
  Jessica (D:2)
  Natasha (twice) (D:3)
  3 orc wizards
  6 adders
  A river rat (D:4)
  A white imp (D:5)
  7 worms
  2 dart slugs
  16 orcs
  4 ball pythons
  4 bats
  4 endoplasms
  A giant cockroach (D:3)
  10 hobgoblins
  7 jackals
  6 kobolds
  2 quokkas (D:2)
  3 frilled lizards
  9 goblins
  2 rats (D:1)
104 creatures vanquished.

Notes
Turn   | Place    | Note
-------+----------+-------------------------------------------
     0 | D:1      | Psyclone the Octopode Venom Mage began the quest for the
                  | Orb.
     0 | D:1      | Reached XP level 1. HP: 11/11 MP: 3/3
   141 | D:1      | Reached skill level 4 in Poison Magic
   190 | D:2      | Reached XP level 2. HP: 5/17 MP: 0/5
   296 | D:1      | Found a faded altar of an unknown god.
   803 | D:2      | Noticed Jessica
   813 | D:2      | Reached skill level 5 in Poison Magic
   813 | D:2      | Reached XP level 3. HP: 9/21 MP: 4/6
   813 | D:2      | Reached skill level 5 in Fighting
   813 | D:2      | Reached skill level 5 in Short Blades
   813 | D:2      | Reached skill level 5 in Spellcasting
   813 | D:2      | Reached skill level 8 in Poison Magic
   813 | D:2      | Reached XP level 4. HP: 15/35 MP: 4/11
   818 | D:2      | Killed Jessica
  1385 | D:2      | Learned a level 2 spell: Poisonous Vapours
  1390 | D:2      | Learned a level 4 spell: Olgreb's Toxic Radiance
  1641 | D:2      | Reached XP level 5. HP: 36/39 MP: 12/12
  1993 | D:3      | Found an ornate altar of the Wu Jian Council.
  2012 | D:3      | Noticed Natasha
  2016 | D:3      | Killed Natasha
  2082 | D:3      | Found a runed translucent door.
  2083 | D:3      | Noticed Crazy Yiuf
  2448 | D:3      | Found a broken altar of Ashenzari.
  2721 | D:3      | Noticed Natasha
  2729 | D:3      | Killed Natasha
  2907 | D:4      | Noticed an ogre
  3919 | D:4      | Found a burning altar of Makhleb.
  3922 | D:4      | Found a glowing silver altar of Zin.
  3922 | D:4      | Noticed a balrug
  3922 | D:4      | Noticed an angel
  3958 | D:4      | Killed an ogre
  3959 | D:4      | Reached XP level 6. HP: 45/45 MP: 5/14
  4513 | D:4      | Found a basalt altar of Yredelemnul.
  4557 | D:4      | Reached XP level 7. HP: 50/50 MP: 9/16
  4741 | D:4      | Found a sparkling altar of Nemelex Xobeh.
  5142 | D:5      | Entered Level 5 of the Dungeon
  5414 | D:5      | Reached XP level 8. HP: 47/55 MP: 11/19
  5414 | D:5      | Reached skill level 15 in Poison Magic
  5414 | D:5      | Reached XP level 9. HP: 53/61 MP: 11/20
  5851 | D:5      | Found Roossoev's Hydra Hut.
  5856 | D:5      | Noticed a five-headed hydra
  5903 | D:5      | Found a white marble altar of Elyvilon.
  5903 | D:5      | Found an iron altar of Okawaru.
  5904 | D:5      | Found a sacrificial altar of Ru.
  5940 | D:5      | Found an opulent altar of Gozag.
  6059 | D:1      | Quit the game

Illustrated notes

Levels and vault maps discovered:
D:1:      lordsloth_arrival_two_stooges, layout_basic,
          chequers_ecumenical_altar_simple
D:2:      layout_loops_ring, uniq_jessica
D:3:      layout_loops_cross, ashenzari_conservatory_becter,
          nzn_wu_jian_council_hall, chequers_serial_rivers_room_a,
          grunt_decor_cap, hangedman_abyss_or_decor_lesser_grid,
          hangedman_decor_peaks_small, minmay_gold_behind_fungi, uniq_natasha,
          uniq_crazy_yiuf_cottage
D:4:      layout_loops_ring, grunt_temple_overflow_order_and_chaos_2,
          yredelemnul_altar_generic, nemelex_dance_club_becter,
          gup_sewer_entry_bubbles
D:5:      layout_loops_ring, grunt_temple_overflow_growth_and_decay,
          nicolae_overflow_quartered_altars, doesnt_shop_hydraphobe

Skill      XL: |  1  2  3  4  5  6  7  8 |
---------------+-------------------------+-----
Poison Magic   | 4 5 8 15 | 15.0
Fighting       | 5 |  5.0
Short Blades   | 5 |  5.0
Spellcasting   | 5 6 7 |  7.8
Dodging        | |  2.0
Stealth        | |  2.6
Transmutations | |  1.0

Action                     |  1- 3 |  4- 6 |  7- 9 || total
---------------------------+-------+-------+-------++-------
  Melee: Unarmed           |     5 |       |       ||     5
         Constrict         |     3 |    20 |     6 ||    29
         Dagger            |     7 |    73 |    26 ||   106
         Tentacles         |       |    20 |     6 ||    26
         Punch             |       |     1 |     1 ||     2
   Cast: Sting             |    30 |     1 |       ||    31
         Poisonous Vapours |       |    31 |    26 ||    57
         Olgreb's Toxic Ra |       |     8 |     5 ||    13
    Use: Potion            |     1 |       |     2 ||     3
         Scroll            |       |       |     1 ||     1
   Stab: Sleeping          |       |     8 |     1 ||     9
 Armour: Skin              |     1 |     4 |     1 ||     6
  Dodge: Dodged            |    22 |    38 |    15 ||    75
